 Dungeon Crawl Stone Soup version 0.30-a0-576-g89cddaab80 (webtiles) character file.

Game seed: 1423153700820413347

4781 Bravis the Spear-Bearer (level 10, -7/79 (93) HPs)
             Began as a White Draconian Reaver on Dec 29, 2022.
             Was a Priest of Okawaru.
             Mangled by a wight
             ... wielding a +4 long sword
              (9 damage)
             ... on level 8 of the Dungeon on Dec 30, 2022.
             The game lasted 00:45:23 (7829 turns).

Bravis the Spear-Bearer (White Draconian Reaver)    Turns: 7829, Time: 00:45:24

HP:   -7/79 (93)    AC:  9    Str: 19    XL:     10   Next: 23%
MP:   13/13         EV: 12    Int: 21    God:    Okawaru [***...]
Gold: 505           SH:  0    Dex:  4    Spells: 12/13 levels left

rFire   + . .      SeeInvis .    e - +2 halberd
rCold   . . .      Faith    .    (shield currently unavailable)
rNeg    . . .      Spirit   .    (body armour unavailable)
rPois   +          Reflect  .    (helmet restricted)
rElec   +          Harm     .    (no cloak)
rCorr   +          Rampage  .    o - +1 pair of gloves {Stlth+}
Will    .....                    (no boots)
Stlth   ++                       f - amulet of regeneration
HPRegen 1.13/turn                p - ring of Bephy {Fire rElec rPois Int+7 Dex-5}
MPRegen 0.13/turn                a - ring of resist corrosion

@: mighty, heavily drained
A: breathe frost, AC +7, unfitting armour, cold resistance 1, cold-blooded
a: Breathe Frost, Renounce Religion, Heroism


You were on level 8 of the Dungeon.
You worshipped Okawaru.
Okawaru was most pleased with you.
You visited 2 branches of the dungeon, and saw 10 of its levels.

You collected 505 gold pieces.

Inventory:

Hand Weapons
 e - a +2 halberd (weapon)
Armour
 o - a +1 pair of gloves of stealth (worn)
Jewellery
 a - a ring of resist corrosion (right hand)
 f - an amulet of regeneration (around neck)
 p - the ring of Bephy (left hand) {Fire rElec rPois Int+7 Dex-5}
   (You found it on level 9 of the Dungeon)

   [ring of fire]

   It enhances your fire magic.
   Int:       It affects your intelligence (+7).
   Dex:       It affects your dexterity (-5).
   rF:        It protects you from fire.
   rC:        It makes you vulnerable to cold.
   rElec:     It insulates you from electricity.
   rPois:     It protects you from poison.
Wands
 b - a wand of polymorph (3)
Scrolls
 d - a scroll of identify
 i - 2 scrolls of teleportation
 n - a scroll of fog
Potions
 c - 2 potions of flight
 g - 2 potions of brilliance
 h - a potion of magic
 j - 2 potions of haste
 k - a potion of ambrosia


   Skills:
 - Level 10.0 Fighting
 - Level 10.0 Polearms
 + Level 7.4 Dodging
 - Level 2.0 Spellcasting
 - Level 3.0 Conjurations


You had 12 spell levels left.
You knew the following spells:

 Your Spells              Type           Power      Damage    Failure   Level
a - Kiss of Death         Conj/Necr      32%        2d7       8%          1

Your spell library contained the following spells:

 Spells                   Type           Power      Damage    Failure   Level
 Momentum Strike          Conj/Tloc      16%        3d8       12%         2
 Freeze                   Ice            8%         1d3       14%         1
 Hailstorm                Conj/Ice       8%         3d4       24%         3
 Frozen Ramparts          Ice            4%         1d1       41%         3
 Ozocubu's Armour         Ice            2%         N/A       41%         3
 Ice Form                 Ice/Tmut       2%         N/A       82%         4
 Ozocubu's Refrigeration  Ice            1%         4d7       100%        7
 Simulacrum               Ice/Necr       Unusable   N/A       N/A         6

Dungeon Overview and Level Annotations

Branches:
Dungeon (9/15)             Temple (1/1) D:6
   Lair: D:8-11         Orc: D:9-12

Altars:
Ashenzari
Cheibriados
Dithmenos
Elyvilon
Fedhas
Gozag
Hepliaklqana
Kikubaaqudgha
Makhleb
Nemelex Xobeh
Okawaru
Qazlal
Ru
Sif Muna
Trog
Uskayaw
Vehumet
Wu Jian
Xom
Yredelemnul
Zin
The Shining One


Innate Abilities, Weirdness & Mutations

You can breathe waves of freezing cold which knock back foes.
Your icy white scales are hard. (AC +7)
You cannot fit into any form of body armour.
Your flesh is cold resistant. (rC+)
You are cold-blooded and may be slowed by cold attacks.


Message History

a +0 mace; a +0 leather armour; an orc corpse The wight attacks as you move away!
The wight closely misses you.
You see here a ring of willpower.
You barely miss the wight.
Your tail-slap misses the wight.
The wight closely misses you.
You slash the wight!
The wight is heavily damaged.
The wight hits you with a +1 long sword.
You closely miss the wight.
The wight is heavily damaged.
The wight hits you with a +1 long sword.
You barely miss the wight.
The wight is heavily damaged.
The wight hits you with a +1 long sword.
* * * LOW HITPOINT WARNING * * *
You feel very mighty all of a sudden. The wight closely misses you.
You barely miss the wight.
The wight is heavily damaged.
The wight hits you with a +1 long sword!
* * * LOW HITPOINT WARNING * * *
You feel drained.
* * * LOW HITPOINT WARNING * * *
You slash the wight!
You destroy the wight!
Okawaru accepts your kill.
You barely miss the wight. You tail-slap the wight!
The wight is heavily damaged.
The wight hits you with a +4 long sword!
* * * LOW HITPOINT WARNING * * *
You feel drained.
* * * LOW HITPOINT WARNING * * *
Okay, then.
The wight attacks as you move away!
The wight hits you with a +4 long sword.
* * * LOW HITPOINT WARNING * * *
You feel drained. The wight attacks as you move away!
The wight hits you with a +4 long sword!
You die...

#..#.### #.# #(.# #.
#####..#.#
####.#####..# #.
#......#.#
#...........###.
#.####.#.#
#.###.####..##.. #.#
#.#.# #.# #.# #...##.
#.# #)#.# #.# #.#
#...##. #.# #.#.# #.#
#.# #...... #.#
##.#.######[###.#
##..##.
#.###....>)zz@......#
#.....
#........######.#####
##.##. ########.#..#
#...# #.##.
........###.##
###.########.##.
.#.....## ##.#
#..........##.
.#.####.###.##
#..##########. ##)#
##.#.## #..#
#........ #)# ##.##
#..###.####### #.#
### #..#...#


You could see 2 wights.

Vanquished Creatures
  2 two-headed ogres (D:8)
  A hornet (D:8)
  2 steam dragons
  2 ice beasts (D:7)
  2 ogres
  2 orc warriors (D:8)
  A black bear (D:6)
  A tengu (D:7)
  3 centaurs
  2 kobold brigands
  5 bullfrogs
  3 scorpions
  3 necrophages
  6 wights (D:8)
  4 killer bees (D:7)
  4 hounds
  8 orc priests
  5 iguanas
  3 orc wizards
  A mummy (D:6)
  14 gnolls
  A river rat (D:6)
  4 adders
  A shadow imp (D:8)
  A white imp (D:6)
  2 ufetubi (D:5)
  4 worms
  3 dart slugs
  41 orcs
  10 bats
  10 endoplasms
  2 giant cockroaches
  3 goblins
  4 hobgoblins
  A jackal (D:1)
  16 kobolds
  3 quokkas
  6 ball pythons
  2 frilled lizards
  A kobold zombie (D:6)
  An orc zombie (D:6)
  9 rats
199 creatures vanquished.

Vanquished Creatures (others)
  2 orcs
  39 plants
41 creatures vanquished.

Grand Total: 240 creatures vanquished

Notes
Turn   | Place    | Note
-------+----------+-------------------------------------------
     0 | D:1      | Bravis the Draconian Reaver began the quest for the Orb.
     0 | D:1      | Reached XP level 1. HP: 17/17 MP: 3/3
    84 | D:1      | Found a faded altar of an unknown god.
   435 | D:1      | Reached XP level 2. HP: 20/23 MP: 5/5
  1234 | D:2      | Reached XP level 3. HP: 17/17 MP: 6/6
  1325 | D:2      | Identified the +4 dagger "Qoqonexuu" {venom, rElec rC+}
  1792 | D:2      | Reached XP level 4. HP: 22/32 MP: 7/7
  1795 | D:2      | Reached skill level 5 in Polearms
  2016 | D:3      | Reached XP level 5. HP: 22/41 MP: 8/8
  3348 | D:4      | Reached XP level 6. HP: 44/48 MP: 9/9
  3761 | D:4      | Your scales start taking on an icy white colour.
  3761 | D:4      | Reached XP level 7. HP: 46/55 MP: 10/10
  3761 | D:4      | Gained mutation: Your flesh is cold resistant. (rC+) [White
                  | Draconian growth]
  3777 | D:4      | Found a glowing silver altar of Zin.
  4141 | D:5      | Entered Level 5 of the Dungeon
  4340 | D:4      | Upgraded the game from 0.30-a0-571-gdf30a72648 to
                  | 0.30-a0-576-g89cddaab80
  4704 | D:5      | Reached XP level 8. HP: 61/62 MP: 11/11
  4883 | D:6      | Identified the +5 mace of Dust {flame, Contam rPois rN+
                  | Str+4}
  4936 | D:6      | Found a staircase to the Ecumenical Temple.
  5137 | Temple   | Entered the Ecumenical Temple
  5418 | Temple   | Became a worshipper of Warmaster Okawaru
  5477 | D:6      | Reached skill level 10 in Polearms
  5587 | D:6      | Found a sparkling altar of Nemelex Xobeh.
  5598 | D:6      | Found a blossoming altar of Fedhas.
  5606 | D:6      | Found a basalt altar of Yredelemnul.
  5613 | D:6      | Found an opulent altar of Gozag.
  5620 | D:6      | Found a bloodstained altar of Trog.
  5625 | D:6      | Found a burning altar of Makhleb.
  5643 | D:6      | Found a white marble altar of Elyvilon.
  5678 | D:6      | Reached skill level 5 in Fighting
  5917 | D:6      | You fall into a shaft and drop 1 floor!
  6062 | D:6      | Reached * piety under Okawaru
  6326 | D:7      | Reached XP level 9. HP: 78/81 MP: 12/12
  6518 | D:7      | Reached ** piety under Okawaru
  7108 | D:8      | Reached skill level 10 in Fighting
  7127 | D:8      | Noticed a two-headed ogre
  7128 | D:8      | Noticed a two-headed ogre
  7137 | D:8      | Killed a two-headed ogre
  7137 | D:8      | Reached *** piety under Okawaru
  7138 | D:8      | Reached skill level 5 in Dodging
  7140 | D:8      | Killed a two-headed ogre
  7141 | D:8      | Reached XP level 10. HP: 55/93 MP: 13/13
  7575 | D:8      | Paralysed by a hornet for 3 turns
  7586 | D:8      | Paralysed by a hornet for 1 turns
  7778 | D:9      | Identified the ring of Bephy {Fire rElec rPois Int+7 Dex-5}
  7828 | D:8      | HP: 1/81 [wight/+4 long sword (6)]
  7829 | D:8      | Mangled by a wight

Illustrated notes

Levels and vault maps discovered:
D:1:      dpeg_arrival_rhombus, layout_basic, hellmonk_ecumenical_altar_zigzags,
          serial_forest, infiniplex_forest_diagonal, infiniplex_forest_end_3,
          infiniplex_forest_clump_medium, infiniplex_forest_zigzag_1,
          infiniplex_forest_lined_2, minmay_surrounded
D:2:      layout_basic
D:3:      layout_basic, chequers_big_river, kennysheep_generic_room_15
D:4:      layout_loops_cross, zin_statuary, serial_bayou, serial_bayou_shore_a,
          serial_bayou_crossing, serial_bayou_pond_e, serial_bayou_lake_a,
          serial_bayou_ford_a, serial_bayou_lagoon_a
D:5:      layout_rooms, moated_statue
D:6:      layout_loops_ring, grunt_temple_overflow_octagram, temple_fountains,
          portal_sewer_entry_b, minmay_holes, minmay_mini_ossuary
D:7:      layout_rooms
D:8:      layout_loops_ring, minmay_misc_feat_nine_boxes
D:9:      layout_irregular_city, kennysheep_another_room, uniq_joseph,
          uniq_pikel, uniq_grum
Temple:   dpeg_chambers_temple

Skill      XL: |  1  2  3  4  5  6  7  8  9 10 |
---------------+-------------------------------+-----
Dodging        | 2 6 7 |  7.4
Polearms       | 4 5 6 8 9 10 | 10.0
Fighting       | 7 10 | 10.0
Spellcasting   | |  2.0
Conjurations   | |  3.0

Action                   |  1- 3 |  4- 6 |  7- 9 | 10-12 || total
-------------------------+-------+-------+-------+-------++-------
Melee: Spear             |   185 |     3 |       |       ||   188
       Tailslap          |    18 |    22 |    33 |    10 ||    83
       Punch             |     1 |       |       |       ||     1
       Halberd           |       |   199 |   362 |    66 ||   627
 Cast: Kiss of Death     |     4 |       |       |       ||     4
 Abil: Breathe Frost     |       |       |    28 |     9 ||    37
Evoke: Wand              |       |     3 |     7 |       ||    10
  Use: Scroll            |     5 |     6 |    12 |       ||    23
       Potion            |     1 |       |     8 |     3 ||    12
 Stab: Sleeping          |     1 |     2 |       |     1 ||     4
Armor: Skin              |    34 |    49 |    95 |    12 ||   190
Dodge: Dodged            |    85 |   116 |   199 |    53 ||   453

Table legend: (Time is in decaauts)
 A = Elapsed time spent in this place.
 B = Non-inter-level travel time spent in this place.
 C = Inter-level travel time spent in this place.
 D = Time resting spent in this place.
 E = Time spent auto-exploring this place.
 F = Levels seen in this place.
 G = Mean time per level.
                   A        B        C        D        E       F      G
               +--------+--------+--------+--------+--------+-----+--------+
         Total |   7912 |   7559 |    353 |    541 |   5276 |  10 |  791.2 |
       Dungeon |   7617 |   7292 |    325 |    541 |   5023 |   9 |  846.3 |
        Temple |    294 |    266 |     28 |      0 |    253 |   1 |  294.0 |
               +--------+--------+--------+--------+--------+-----+--------+

Top non-repeatable levels by time:
     D:3: 1272 daAuts
     D:4: 1223 daAuts
     D:1: 1180 daAuts
     D:6: 1026 daAuts
     D:8: 975 daAuts
     D:2: 749 daAuts
     D:7: 628 daAuts
     D:5: 537 daAuts
  Temple: 294 daAuts
     D:9: 23 daAuts
